 Dungeon Crawl Stone Soup version 0.29.1-1-gd02db69 (webtiles) character file.

Game seed: 8926705352326053343

3442 Dorkslayer the Slasher (level 10, -2/63 HPs)
             Began as a Gargoyle Fighter on Oct 26, 2022.
             Slain by a spriggan
             ... wielding a +0 spear
              (10 damage)
             ... in a bailey.
             The game lasted 00:20:03 (8050 turns).

Dorkslayer the Slasher (Gargoyle Fighter)           Turns: 8050, Time: 00:20:04

Health: -2/63      AC: 25    Str: 21    XL:     10   Next: 5%
Magic:  10/10      EV:  6    Int:  6    God:
Gold:   894        SH:  5    Dex: 13    Spells: 9/9 levels left

rFire   + . .      SeeInvis .   j - +4 falchion
rCold   . . .      Faith    .   c - +0 buckler
rNeg    + . .      Spirit   .   i - +1 plate armour
rPois   ∞          Reflect  .   r - +0 helmet
rElec   +          Harm     .   q - +0 cloak
rCorr   .          Rampage  .   (no gloves)
Will    .....                   (no boots)
Stlth   ..........              (no amulet)
HPRegen 0.20/turn               g - ring of protection from fire
MPRegen 0.12/turn               (no ring)

@: studying Shields
A: sickness immunity, AC +7, negative energy resistance 1, electricity
resistance, torment resistance 1, petrification resistance, iridescent scales 1,
dopey 1
a: no special abilities


You were in a bailey.
You visited 2 branches of the dungeon, and saw 9 of its levels.
You also visited: Bailey.

You collected 1312 gold pieces.
You spent 418 gold pieces at shops.

Inventory:

Hand Weapons
 a - a +0 long sword
 d - a +4 great sword
 j - a +4 falchion (weapon)
Missiles
 s - 11 boomerangs (quivered)
Armour
 c - a +0 buckler (worn)
 i - a +1 plate armour (worn)
 q - a +0 cloak (worn)
 r - a +0 helmet (worn)
Jewellery
 g - a ring of protection from fire (left hand)
Wands
 b - a wand of polymorph (7)
 h - a wand of paralysis (2)
Scrolls
 f - a scroll of immolation
 k - 4 scrolls of teleportation
 o - 2 scrolls of fear
 p - 3 scrolls of fog
 u - 2 scrolls of blinking
Potions
 e - 3 potions of curing
 l - 4 potions of flight


   Skills:
 * Level 7.0 Fighting
 + Level 0.3(4.5) Short Blades
 + Level 7.3 Long Blades
 * Level 3.8 Throwing
 + Level 6.5 Armour
 + Level 2.1 Dodging
 + Level 1.2 Stealth
 * Level 6.7 Shields
 * Level 4.3 Evocations


You had 9 spell levels left.
You didn't know any spells.
Your spell library contained the following spells:

 Spells                   Type           Power      Damage    Failure   Level
 Beastly Appendage        Tmut           0%         N/A       100%        1
 Magic Dart               Conj           0%         1d3       100%        1
 Searing Ray              Conj           0%         2d4       100%        2
 Wereblood                Tmut           0%         N/A       100%        2
 Spider Form              Tmut/Pois      0%         N/A       100%        3
 Fulminant Prism          Conj/Hex       0%         3d6       100%        4


Dungeon Overview and Level Annotations

Branches:
Dungeon (8/15)             Temple (1/1) D:6          Bailey (1/1)
   Lair: D:8-11

Altars:
Ashenzari
Cheibriados
Dithmenos
Elyvilon
Fedhas
Hepliaklqana
Kikubaaqudgha
Okawaru
Qazlal
Ru
Sif Muna
Trog
Uskayaw
Wu Jian
Xom
Yredelemnul
Zin
The Shining One

Shops:
D:7 !


Innate Abilities, Weirdness & Mutations

You are immune to sickness and miasma.
Your stone body is resilient. (AC +7)
You are immune to poison.
You resist negative energy. (rN+)
You are resistant to electric shocks. (rElec)
You are resistant to unholy torment.
You are immune to petrification.
You are partially covered in iridescent scales. (AC +2)
You are dopey. (Int -2)


Message History

You block the spriggan's attack. The spriggan barely misses you.
You feel better.
The spriggan hits you from afar with a +0 spear.
The spriggan hits you but does no damage. x2
Okay, then.
As you read the scroll of teleportation, it crumbles to dust.
You feel strangely unstable. The spriggan barely misses you. x2
The spriggan hits you but does no damage.
Okay, then.
Throw: 11 boomerangs
Press: ? - help, Q - select action, (/) - cycle Shift-Dir - straight line, f/p - ogre
Aim: an ogre, wielding a +0 halberd (76% to hit)
You throw a boomerang.
The boomerang barely misses the spriggan.
The boomerang hits the ogre but does no damage.
The spriggan hits you but does no damage.
You block the spriggan's attack.
The spriggan hits you but does no damage.
Throw: 11 boomerangs
Press: ? - help, Q - select action, (/) - cycle Shift-Dir - straight line, f/p - ogre
Aim: an ogre, wielding a +0 halberd (76% to hit)
You throw a boomerang. The boomerang hits the spriggan!
The spriggan is heavily wounded.
You block the spriggan's attack. The spriggan completely misses you.
You block the spriggan's attack.
Throw: 11 boomerangs
Press: ? - help, Q - select action, (/) - cycle Shift-Dir - straight line, f/p - ogre
Aim: an ogre, wielding a +0 halberd (76% to hit)
You throw a boomerang.
The boomerang closely misses the spriggan.
The boomerang barely misses the ogre.
Your surroundings seem slightly different.
The ogre hits you from afar with a +0 halberd!
* * * LOW HITPOINT WARNING * * *
You block the spriggan's attack.
Really read the scroll of immolation?
As you read the scroll of immolation, it crumbles to dust.
The creatures around you are filled with an inner flame!
The spriggan hits you from afar with a +0 spear!
You die...

#.....# #..♣
##.....###..#
#...∩..~~~..#
#......~~~..#
#.....)~~~..#
#...i.)~~~..#
#...iiOO~~..♣
##.....###..#
#....@# #..#
##...## #..♣
##.## #..#
### #..


You could see 2 ogres and 3 spriggans.

Vanquished Creatures
  Sigmund (D:2)
  3 water moccasins
  2 ice beasts
  3 sky beasts (D:7)
  An orc warrior (D:5)
  A black bear (D:7)
  4 ogres
  Blork the orc (D:6)
  A kobold brigand (D:4)
  3 scorpions
  2 necrophages (D:5)
  13 wights
  A howler monkey (D:5)
  2 hounds (D:5)
  A quasit (D:5)
  5 orc priests
  A gnoll bouda (D:7)
  3 jellies
  An iguana (D:5)
  5 orc wizards
  Robin (D:3)
  10 adders
  9 gnolls
  A shadow imp (D:7)
  2 ufetubi (D:6)
  A worm (D:3)
  5 dart slugs
  34 orcs
  9 endoplasms
  2 giant cockroaches (D:4)
  13 goblins
  6 hobgoblins
  5 kobolds
  2 quokkas
  5 ball pythons
  4 bats
  A frilled lizard (D:3)
  3 rats
167 creatures vanquished.

Vanquished Creatures (others)
  A plant (D:1)
1 creature vanquished.

Grand Total: 168 creatures vanquished

Notes
Turn   | Place    | Note
-------+----------+-------------------------------------------
     0 | D:1      | Dorkslayer the Gargoyle Fighter began the quest for the
                  | Orb.
     0 | D:1      | Reached XP level 1. HP: 14/14 MP: 1/1
    95 | D:1      | Found a faded altar of an unknown god.
   134 | D:1      | You fall into a shaft and drop 1 floor!
   191 | D:2      | Reached XP level 2. HP: 14/19 MP: 2/2
   884 | D:2      | Reached XP level 3. HP: 23/23 MP: 3/3
  1290 | D:2      | Identified a scroll of acquirement
  1291 | D:2      | Acquired 852 gold pieces
  1558 | D:2      | Noticed Sigmund
  1567 | D:2      | Killed Sigmund
  1568 | D:2      | Reached skill level 1 in Dodging
  1568 | D:2      | Reached XP level 4. HP: 20/29 MP: 4/4
  1568 | D:2      | Reached XP level 5. HP: 23/33 MP: 5/5
  1833 | D:3      | Found a white marble altar of Elyvilon.
  1967 | D:3      | Noticed Robin
  2005 | D:3      | Killed Robin
  2006 | D:3      | Reached XP level 6. HP: 30/38 MP: 6/6
  2431 | D:3      | Reached skill level 1 in Evocations
  3073 | D:4      | Found a glowing silver altar of Zin.
  3086 | D:4      | Reached XP level 7. HP: 15/43 MP: 7/7
  3985 | D:4      | Reached skill level 1 in Throwing
  4117 | D:5      | Entered Level 5 of the Dungeon
  4168 | D:5      | Found a shadowy altar of Dithmenos.
  4264 | D:5      | Reached skill level 5 in Long Blades
  4264 | D:5      | Reached XP level 8. HP: 23/48 MP: 8/8
  4346 | D:5      | Reached skill level 5 in Fighting
  4618 | D:5      | Noticed Grinder
  4620 | D:5      | Noticed Grinder
  4620 | D:5      | Grinder changed into Grinder the quasit
  4641 | D:5      | Killed Grinder the quasit
  5348 | D:6      | Reached skill level 5 in Armour
  5731 | D:6      | Noticed Blork the orc
  5744 | D:6      | Killed Blork the orc
  5872 | D:6      | Found a stormy altar of Qazlal.
  5960 | D:6      | Identified the +0 leather armour of Imaycs {rElec rN+
                  | Will-}
  6163 | D:6      | Found a staircase to the Ecumenical Temple.
  6173 | Temple   | Entered the Ecumenical Temple
  6306 | D:6      | Reached skill level 5 in Shields
  6341 | D:6      | Found a hide-covered altar of Uskayaw.
  6345 | D:6      | Found an ornate altar of the Wu Jian Council.
  6347 | D:6      | Found a shimmering blue altar of Sif Muna.
  6347 | D:6      | Found an iron altar of Okawaru.
  6442 | D:7      | Reached XP level 9. HP: 49/55 MP: 9/9
  7018 | D:7      | Reached skill level 1 in Stealth
  7633 | D:7      | Found Keffyr's Distillery.
  7663 | D:7      | Bought a potion of might for 44 gold pieces
  7663 | D:7      | Bought a potion of curing for 33 gold pieces
  7663 | D:7      | Bought 2 potions of heal wounds for 110 gold pieces
  7663 | D:7      | Bought 2 potions of curing for 66 gold pieces
  7663 | D:7      | Bought a potion of curing for 33 gold pieces
  7663 | D:7      | Bought 2 potions of curing for 66 gold pieces
  7663 | D:7      | Bought a potion of curing for 33 gold pieces
  7663 | D:7      | Bought a potion of curing for 33 gold pieces
  7945 | D:8      | Noticed a hornet
  7951 | D:8      | Found a flagged portal.
  7995 | Bailey   | Entered a bailey
  8012 | Bailey   | Reached XP level 10. HP: 8/61 MP: 10/10
  8034 | Bailey   | Gained mutation: You are dopey. (Int -2) [potion of
                  | mutation]
  8034 | Bailey   | Gained mutation: You are partially covered in iridescent
                  | scales. (AC +2) [potion of mutation]
  8040 | Bailey   | HP: 3/63 [spriggan/+0 spear (10)]
  8050 | Bailey   | Slain by a spriggan

Illustrated notes

Levels and vault maps discovered:
D:1:      lemuel_arrival_room, layout_basic, hellmonk_ecumenical_altar_blasted,
          serial_bayou_pond_b
D:2:      cheibrodos_helix_gallery, layout_loops_cross,
          minmay_randomly_rotated_circles, uniq_sigmund
D:3:      layout_basic, elyvilon_altar_4, uniq_robin
D:4:      layout_cave_pods, mainiacjoe_overflow_tiny_flanked,
          ebering_dispersal_statue_hall
D:5:      layout_basic, mainiacjoe_overflow_cross_hatched, uniq_grinder
D:6:      layout_cave_pools, nicolae_overflow_hallway_of_the_gods,
          minmay_temple_entry_glass, kennysheep_generic_room_15,
          uniq_blork_the_orc
D:7:      layout_cave_pods, serial_shops, shop
D:8:      layout_basic, makhleb_blood_cavern_becter, enter_bailey_2, eino_jars
Temple:   cyrus_temple_forest
Bailey:   bailey_polearm_enchanted_keep_hellmonk, bailey

Skill      XL: |  1  2  3  4  5  6  7  8  9 10 |
---------------+-------------------------------+-----
Long Blades    | 2 3 4 5 6 7 |  7.3
Fighting       | 4 5 6 7 |  7.0
Armour         | 4 5 6 |  6.5
Dodging        | 1 2 |  2.1
Shields        | 4 5 6 |  6.7
Evocations     | 1 2 3 4 |  4.3
Throwing       | 1 2 3 |  3.8
Stealth        | 1 |  1.2
Short Blades   | |  0.3

Action                   |  1- 3 |  4- 6 |  7- 9 | 10-12 || total
-------------------------+-------+-------+-------+-------++-------
Melee: Long sword        |    71 |   188 |   541 |       ||   800
       Falchion          |       |       |   103 |    10 ||   113
       Short sword       |       |       |    21 |       ||    21
Throw: Boomerang         |       |     1 |    26 |     4 ||    31
Evoke: Wand              |       |       |     3 |     4 ||     7
  Use: Scroll            |     6 |     2 |    11 |     3 ||    22
       Potion            |     2 |     2 |     7 |     9 ||    20
 Stab: Paralysed         |       |       |     4 |       ||     4
Armor: Scale mail        |    30 |       |       |       ||    30
       Plate armour      |     4 |   165 |   542 |    26 ||   737
Dodge: Dodged            |    22 |    70 |   200 |    14 ||   306
Block: Buckler           |    20 |    47 |   176 |    12 ||   255
